 Dungeon Crawl Stone Soup version 0.23.2-33-g5129a83184 (webtiles) character file.

Game seed: 7541749568271637175

217 Demonology the Shield-Bearer (level 6, 0/47 HPs)
             Began as a Human Fighter on July 9, 2019.
             Was a Follower of Trog.
             Slain by grocchini's ghost (4 damage)
             ... on level 3 of the Dungeon.
             The game lasted 00:38:17 (4256 turns).

Demonology the Shield-Bearer (Human Fighter)        Turns: 4256, Time: 00:38:17

Health: 0/47       AC: 12    Str: 17    XL:     6   Next: 16%
Magic:  6/6        EV:  5    Int:  8    God:    Trog [*.....]
Gold:   158        SH:  9    Dex: 14    Spells: 5/5 levels left

rFire    . . .     SeeInvis .   i - +0 trident
rCold    . . .     Gourm    .   c - +0 shield
rNeg     . . .     Faith    .   e - +0 chain mail
rPois    +         Spirit   .   E - +1 helmet
rElec    .         Reflect  .   (no cloak)
rCorr    .         Harm     +   (no gloves)
MR       .....                  h - +0 pair of boots
Stlth    ..........             y - amulet of harm
HPRegen  0.15/turn              l - ring of poison resistance
MPRegen  0.10/turn              (no ring)

@: no status effects
A: no striking features
a: Berserk, Renounce Religion


You were on level 3 of the Dungeon.
You worshipped Trog.
Trog was aware of your devotion.
You were not hungry.

You visited 1 branch of the dungeon, and saw 3 of its levels.

You collected 158 gold pieces.

Inventory:

Hand Weapons
 a - a +0 war axe
 i - a +0 trident (weapon)
 B - a +0 hunting sling
 C - a +0 spear
Missiles
 k - 106 stones (quivered)
Armour
 c - a +0 shield (worn)
 e - a +0 chain mail (worn)
 h - a +0 pair of boots (worn)
 E - a +1 helmet (worn)
Jewellery
 l - a ring of poison resistance (left hand)
 y - an amulet of harm (around neck)
Wands
 p - a wand of flame (13)
Scrolls
 g - 6 scrolls of remove curse
 j - a scroll of enchant weapon
 n - a scroll of identify
 q - 2 scrolls of teleportation
 t - a scroll of immolation
 x - a scroll of amnesia
Potions
 d - a potion of might
 m - 2 potions of mutation {unknown}
 o - 2 potions of haste {unknown}
 r - a potion of resistance {unknown}
 s - a potion of ambrosia {unknown}
 v - a potion of curing {unknown}
 w - a potion of lignification
 z - a potion of agility {unknown}
 A - a potion of berserk rage
Comestibles
 b - a chunk of flesh
 f - 9 rations


   Skills:
 + Level 3.4 Fighting
 + Level 2.7(3.3) Axes
   Level 2.1(2.8) Maces & Flails
 + Level 1.2(2.1) Polearms
 + Level 3.6 Armour
 + Level 1.4 Dodging
 + Level 0.9 Stealth
 + Level 3.9 Shields


You had 5 spell levels left.
You didn't know any spells.
Your spell library contained the following spells:

 Spells                   Type           Power        Failure   Level  Hunger
 Animate Skeleton         Necr           N/A          100%        1    ##.....
 Apportation              Tloc           #.....       100%        1    ##.....
 Confusing Touch          Hex            #.....       100%        1    ##.....
 Summon Small Mammal      Summ           #...         100%        1    ##.....


Dungeon Overview and Level Annotations

Branches:
Dungeon (3/15)

Altars:
Ashenzari
Dithmenos
Hepliaklqana
Qazlal
Trog

Annotations:
D:3 grocchini's ghost, novice DsGl


Message History

You hit grocchini's ghost.
Grocchini's ghost is moderately damaged.
Grocchini's ghost hits you but does no damage.
You closely miss grocchini's ghost.
Grocchini's ghost is moderately damaged.
You block grocchini's ghost's attack. Grocchini's ghost hits you.
Your chain mail prevents you from hitting grocchini's ghost.
Grocchini's ghost is moderately damaged.
Grocchini's ghost hits you!
* * * LOW HITPOINT WARNING * * *
Grocchini's ghost barely misses you.
You see here a quokka skeleton.
Grocchini's ghost holds its blade at the ready.
You block grocchini's ghost's attack. You block grocchini's ghost's attack.
Grocchini's ghost hits you but does no damage.
Grocchini's ghost hits you!
* * * LOW HITPOINT WARNING * * *
Grocchini's ghost hits you.
You die...

.# #.# ##...## # .#
#.# ##'## #### .# #.#
#.# ##.§. .# #.#
#.#####..§§ .# #.#
##.#........ .# ##.##
##........#.# .#
##..!## #.....##.....
.#
##..W..####....###.###
.# #....@.........#
### # .#
##.....#######.#######
## ##...## #........
##.## ######### ###


You could see grocchini's ghost.

Vanquished Creatures
  A jelly (D:2)
  Robin (D:3)
  A gnoll (D:3)
  4 adders
  An adder zombie (D:3)
  2 oozes (D:3)
  5 worms
  3 dart slugs
  4 leopard geckos
  3 orcs
  A ball python (D:2)
  3 giant cockroaches
  16 goblins
  16 hobgoblins
  10 kobolds
  2 quokkas
  3 bats
  2 frilled lizards
  11 rats
89 creatures vanquished.

Notes
Turn   | Place    | Note
-------+----------+-------------------------------------------
     0 | D:1      | Demonology the Human Fighter began the quest for the Orb.
     0 | D:1      | Reached XP level 1. HP: 18/18 MP: 1/1
   171 | D:1      | Reached XP level 2. HP: 15/24 MP: 2/2
   825 | D:1      | Reached XP level 3. HP: 29/29 MP: 3/3
  1278 | D:2      | Found a stormy altar of Qazlal.
  1618 | D:2      | Reached skill level 1 in Dodging
  1618 | D:2      | Reached XP level 4. HP: 32/35 MP: 4/4
  1707 | D:2      | Reached skill level 1 in Maces & Flails
  1755 | D:2      | Found a shattered altar of Ashenzari.
  1951 | D:2      | Reached XP level 5. HP: 22/41 MP: 5/5
  2290 | D:2      | Found a hazy altar of Hepliaklqana.
  2613 | D:3      | Noticed a moth of wrath
  2616 | D:3      | Found a bloodstained altar of Trog.
  2917 | D:3      | Became a worshipper of Trog the Wrathful
  3258 | D:3      | Found a shadowy altar of Dithmenos.
  3429 | D:3      | Noticed Robin
  3447 | D:3      | Killed Robin
  3453 | D:3      | Reached XP level 6. HP: 27/47 MP: 6/6
  3460 | D:3      | Reached * piety under Trog
  3777 | D:3      | Reached skill level 1 in Polearms
  4184 | D:3      | Found a runed translucent door.
  4184 | D:3      | Noticed grocchini's ghost (novice DsGl)
  4236 | D:3      | HP: 1/47 [grocchini's ghost (10)]
  4256 | D:3      | Slain by grocchini's ghost

Skill      XL: |  1  2  3  4  5  6 |
---------------+-------------------+-----
Dodging        | 1 |  1.4
Maces & Flails | 1 2 |  2.1
Polearms       | 1 |  1.2
Fighting       | |  3.4
Axes           | |  2.7
Armour         | |  3.6
Stealth        | |  0.9
Shields        | |  3.9

Action                   |  1- 3 |  4- 6 || total
-------------------------+-------+-------++-------
Melee: War axe           |    39 |       ||    39
       Mace              |    63 |   106 ||   169
       Spear             |       |   114 ||   114
       Trident           |       |    28 ||    28
  Use: Scroll            |     2 |     6 ||     8
  Eat: Chunk             |     2 |     9 ||    11
Armor: Scale mail        |    50 |    78 ||   128
       Plate armour      |     3 |       ||     3
       Chain mail        |       |    57 ||    57
Dodge: Dodged            |    32 |    71 ||   103
Block: Shield            |    59 |   137 ||   196
